 Dungeon Crawl Stone Soup version 0.25-a0-661-g55ea3d2 (webtiles) character file.

Game seed: 1185167056421797088, levelgen mode: deterministic

8255 CanOfBees the Arsonist (level 11, -5/84 HPs)
             Began as a Demonspawn Fire Elementalist on Mar 23, 2020.
             Was an Elder of Makhleb.
             Slain by a white ugly thing (29 damage)
             ... on level 11 of the Dungeon.
             The game lasted 00:23:23 (14544 turns).

CanOfBees the Arsonist (DsFE)                      Turns: 14544, Time: 00:23:24

Health: -5/84      AC: 13    Str:  8    XL:     11   Next: 7%
Magic:  14/20      EV:  9    Int: 19    God:    Makhleb [****..]
Gold:   539        SH:  0    Dex: 15    Spells: 4/22 levels left

rFire    + . .     SeeInvis +   a - +0 great sword
rCold    . . .     Gourm    .   (shield currently unavailable)
rNeg     . . .     Faith    .   l - +1 scale mail {rF+}
rPois    .         Spirit   .   s - +0 helmet
rElec    .         Reflect  .   n - +0 cloak
rCorr    .         Harm     .   (no gloves)
MR       +....                  (no boots)
Stlth    +.........             e - amulet of magic regeneration
HPRegen  0.24/turn              C - ring of protection from magic
MPRegen  0.42/turn              M - ring of see invisible

@: very slightly contaminated
A: claws 2, icy blue scales 1, spiny 2
a: Minor Destruction, Lesser Servant of Makhleb, Major Destruction, Renounce
Religion


You were on level 11 of the Dungeon.
You worshipped Makhleb.
Makhleb was greatly pleased with you.
You were not hungry.

You visited 2 branches of the dungeon, and saw 12 of its levels.

You collected 539 gold pieces.

Inventory:

Hand Weapons
 a - a +0 great sword (weapon)
 b - a +3 scimitar of freezing
 u - a +3 dagger {don't train}
 w - a +1 whip of draining {don't train}
 x - a +3 dagger of venom {don't train}
Missiles
 h - 201 arrows
 i - 158 stones {don't train}
 o - a boomerang {don't train}
 D - 64 poisoned darts (quivered) {don't train}
 J - 89 sling bullets {don't train}
Armour
 l - a +1 scale mail of fire resistance (worn)
 n - a +0 cloak (worn)
 s - a +0 helmet (worn)
 B - a +1 leather armour of fire resistance
Magical Staves
 H - an uncursed staff of energy {don't train}
Jewellery
 e - an amulet of magic regeneration (around neck)
 C - a ring of protection from magic (left claw)
 M - a ring of see invisible (right claw)
 N - an uncursed ring of protection from magic
 P - an uncursed amulet of regeneration
 T - an uncursed ring of resist corrosion {unknown}
Wands
 v - a wand of polymorph (14)
 I - a wand of flame (19)
 S - a wand of enslavement (5)
Scrolls
 f - 3 scrolls of remove curse
 g - 6 scrolls of magic mapping
 j - a scroll of blinking {unknown}
 p - 4 scrolls of teleportation {unknown}
 t - 3 scrolls of fog
 y - 2 scrolls of immolation {unknown}
 z - 2 scrolls of noise {unknown}
 E - a scroll of amnesia {unknown}
 F - 2 scrolls of random uselessness {unknown}
 K - a scroll of summoning {unknown}
 O - 2 scrolls of enchant armour {unknown}
 W - a scroll of holy word {unknown}
 X - 4 scrolls of identify
Potions
 d - a potion of flight
 k - 3 potions of stabbing
 m - 2 potions of lignification {unknown}
 q - a potion of curing
 r - a potion of magic {unknown}
 A - 4 potions of haste {unknown}
 G - a potion of resistance {unknown}
 L - 4 potions of brilliance {unknown}
 Q - a potion of degeneration {unknown}
 R - a potion of berserk rage {unknown}
 U - 2 potions of cancellation {unknown}
 V - a potion of ambrosia {unknown}
Comestibles
 c - 20 rations
 Y - 2 chunks of flesh


   Skills:
 + Level 7.4 Fighting
 + Level 0.5 Long Blades
 - Level 6.0 Armour
 + Level 4.0 Dodging
 - Level 1.7 Stealth
 - Level 6.0 Spellcasting
 * Level 6.4 Conjurations
 + Level 8.7 Fire Magic
 - Level 5.6 Invocations


You had 4 spell levels left.
You knew the following spells:

 Your Spells              Type           Power        Failure   Level  Hunger
a - Foxfire               Conj/Fire      ####         3%          1    None
b - Conjure Flame         Conj/Fire      ####....     11%         3    ##.....
c - Inner Flame           Hex/Fire       ###.....     38%         3    ##.....
d - Sticky Flame          Conj/Fire      ####....     36%         4    ####...
e - Sticks to Snakes      Tmut           #.......     77%         2    None
f - Fireball              Conj/Fire      ####......   71%         5    #####..

Your spell library contained the following spells:

 Spells                   Type           Power        Failure   Level  Hunger
 Magic Dart               Conj           ####         6%          1    None
 Searing Ray              Conj           ####..       9%          2    None
 Dazzling Flash           Conj/Hex       ###...       56%         3    ##.....
 Beastly Appendage        Tmut           #.....       63%         1    None
 Fulminant Prism          Conj/Hex       ###.......   92%         4    ####...
 Iskenderun's Mystic Bla  Conj/Tloc      ###.....     92%         4    ####...
 Confusing Touch          Hex            #.......     94%         3    ##.....
 Gell's Gravitas          Tloc           #.........   94%         3    ##.....
 Spider Form              Tmut/Pois      #.........   94%         3    ##.....
 Ice Form                 Ice/Tmut       #.......     100%        4    ####...
 Petrify                  Tmut/Erth      #.......     100%        4    ####...
 Blade Hands              Tmut           #.........   100%        5    #####..
 Metabolic Englaciation   Hex/Ice        #.........   100%        5    #####..
 Yara's Violent Unravell  Hex/Tmut       #.........   100%        5    #####..


Dungeon Overview and Level Annotations

Branches:
Dungeon (11/15)            Temple (1/1) D:6            Lair (0/6) D:9
    Orc (0/2) D:10

Altars:
Ashenzari
Cheibriados
Dithmenos
Elyvilon
Fedhas
Gozag
Hepliaklqana
Kikubaaqudgha
Makhleb
Nemelex Xobeh
Qazlal
Ru
Sif Muna
Trog
Uskayaw
Vehumet
Yredelemnul
The Shining One
Beogh

Annotations:
D:5 1 runed translucent door
D:6 3 runed translucent doors, Creed's ghost, novice DsFi


Innate Abilities, Weirdness & Mutations

You have very sharp fingernails.
You are partially covered in icy blue scales. (AC +2)
You are mostly covered in sharp spines.


Message History

Confirm with . or Enter, or press ? or * to list all spells.
Aiming: Sticky Flame (quite dangerous; 36% risk of failure)
Press: ? - help, Shift-Dir - straight line, f/p - white ugly thing
Aim: a white ugly thing (moderately wounded)
The sticky flame hits the white ugly thing.
The white ugly thing is moderately wounded.
The white ugly thing is covered in liquid flames!
The white ugly thing burns!
The white ugly thing is struck by your spines.
The white ugly thing barely misses you.
You riposte.
You hit the white ugly thing.
The white ugly thing is heavily wounded.
You hit the white ugly thing but do no damage.
The white ugly thing is heavily wounded.
The white ugly thing burns! x2
The white ugly thing is struck by your spines.
The white ugly thing tentacle-slaps you!
* * * LOW HITPOINT WARNING * * *
The white ugly thing freezes you!!
You die...

...###............
...............
.....................#
......#.#.##...#..#...##
...#...............#...#
.......#...............#
#..#.......#.......#.#.#
##.....#........u....#
................@....#
.......#.#.#..#....###
#..............#
#..#......#...##
###.####.####...#
#<........รท.....#
###.###.........# #.#
##........# #.#
##########


You could see a white ugly thing (burning).

Vanquished Creatures
  A two-headed ogre (D:7)
  An unseen horror (D:10)
  An ugly thing (D:8)
  A queen bee (D:9)
  Grinder (D:6)
  A hippogriff (D:9)
  A hungry ghost (D:7)
  A wyvern (D:9)
  An orc warrior (D:10)
  2 ice beasts
  A necrophage (D:10)
  A black bear (D:8)
  An eye of draining (D:9)
  3 sky beasts
  2 ogres
  A phantom (D:9)
  4 centaurs
  2 big kobolds (D:9)
  6 bullfrogs
  2 scorpions
  A water moccasin skeleton (D:7)
  26 killer bees
  23 wights
  2 howler monkeys
  5 crimson imps
  2 quasits (D:9)
  A bullfrog zombie (D:9)
  A centaur zombie (D:6)
  2 hounds
  5 orc priests
  4 bullfrog skeletons
  6 jellies
  7 orc wizards
  An iguana (D:4)
  Natasha (D:2)
  6 worker ants
  2 hound zombies
  A gnoll (D:1)
  12 adders
  2 shadow imps
  An adder zombie (D:6)
  2 adder skeletons (D:7)
  3 worms
  2 dart slugs
  2 leopard geckos
  26 orcs
  2 ball pythons
  5 giant cockroaches
  9 hobgoblins
  7 jackals
  16 kobolds
  4 quokkas
  2 bats
  8 frilled lizards
  7 goblins
  A jackal zombie (D:5)
  A leopard gecko zombie (D:8)
  5 rats
247 creatures vanquished.

Vanquished Creatures (collateral kills)
  A vampire (D:9)
1 creature vanquished.

Vanquished Creatures (others)
  354 foxfires
354 creatures vanquished.

Grand Total: 602 creatures vanquished

Notes
Turn   | Place    | Note
-------+----------+-------------------------------------------
     0 | D:1      | CanOfBees the Demonspawn Fire Elementalist began the quest
                  | for the Orb.
     0 | D:1      | Reached XP level 1. HP: 13/13 MP: 3/3
   192 | D:1      | You fall into a shaft and drop 1 floor!
   202 | D:2      | Gained mutation: You have sharp fingernails. [demonic
                  | ancestry]
   202 | D:2      | Reached XP level 2. HP: 20/20 MP: 3/5
  1107 | D:1      | Reached skill level 1 in Fighting
  1107 | D:1      | Reached skill level 3 in Fire Magic
  1107 | D:1      | Gained mutation: You are partially covered in sharp spines.
                  | [demonic ancestry]
  1107 | D:1      | Reached XP level 3. HP: 18/26 MP: 6/6
  1200 | D:1      | Learned a level 3 spell: Conjure Flame
  1819 | D:2      | Found a bloodstained altar of Trog.
  1826 | D:2      | Noticed Natasha
  2177 | D:2      | Reached XP level 4. HP: 32/32 MP: 7/7
  2698 | D:2      | Killed Natasha
  3015 | D:2      | Found a radiant altar of Vehumet.
  3017 | D:2      | Found a shattered altar of Ashenzari.
  3462 | D:3      | Reached XP level 5. HP: 38/38 MP: 2/9
  3815 | D:3      | Found a faded altar of an unknown god.
  3844 | D:3      | Learned a level 3 spell: Inner Flame
  4177 | D:4      | Gained mutation: You are mostly covered in sharp spines.
                  | [demonic ancestry]
  4177 | D:4      | Reached XP level 6. HP: 45/45 MP: 10/10
  5101 | D:4      | Learned a level 4 spell: Sticky Flame
  5156 | D:5      | Entered Level 5 of the Dungeon
  5523 | D:5      | Found a runed translucent door.
  5531 | D:5      | Reached skill level 4 in Fire Magic
  5551 | D:5      | Reached skill level 1 in Armour
  5621 | D:5      | Reached XP level 7. HP: 38/52 MP: 12/12
  5639 | D:5      | Found a hide-covered altar of Uskayaw.
  6355 | D:6      | Noticed Grinder
  6367 | D:6      | Killed Grinder
  6443 | D:6      | Found a staircase to the Ecumenical Temple.
  6461 | D:6      | Found a blossoming altar of Fedhas.
  6484 | Temple   | Entered the Ecumenical Temple
  6592 | Temple   | Became a worshipper of Makhleb the Destroyer
  7430 | D:6      | Reached skill level 5 in Fire Magic
  7430 | D:6      | Reached skill level 1 in Invocations
  7553 | D:6      | Gained mutation: You have very sharp fingernails. [demonic
                  | ancestry]
  7553 | D:6      | Reached XP level 8. HP: 11/60 MP: 13/13
  7867 | D:6      | Found a runed translucent gate.
  7867 | D:6      | Found a runed translucent gate.
  7871 | D:6      | Found a runed translucent gate.
  7877 | D:6      | Noticed Creed's ghost (novice DsFi)
  8437 | D:7      | Found a shadowy altar of Dithmenos.
  8633 | D:7      | Reached * piety under Makhleb
  8888 | D:7      | Reached skill level 6 in Fire Magic
  9634 | D:8      | Reached XP level 9. HP: 67/67 MP: 11/15
  9667 | D:8      | Noticed a two-headed ogre
  9667 | D:8      | Noticed a white ugly thing
  9977 | D:7      | Killed a two-headed ogre
  9977 | D:7      | Reached skill level 5 in Fighting
  9977 | D:7      | Reached skill level 5 in Spellcasting
  9977 | D:7      | Reached skill level 5 in Conjurations
 10249 | D:8      | Killed a white ugly thing
 10249 | D:8      | Reached skill level 7 in Fire Magic
 10249 | D:8      | Reached skill level 5 in Invocations
 10718 | D:8      | Found a hazy altar of Hepliaklqana.
 11044 | D:8      | Gained mutation: You are partially covered in icy blue
                  | scales. (AC +2) [demonic ancestry]
 11044 | D:8      | Reached XP level 10. HP: 76/76 MP: 16/18
 11143 | D:8      | Learned a level 2 spell: Sticks to Snakes
 11218 | D:9      | Reached ** piety under Makhleb
 11495 | D:9      | Reached skill level 5 in Armour
 11567 | D:9      | Reached skill level 8 in Fire Magic
 12052 | D:9      | Reached *** piety under Makhleb
 12415 | D:9      | Learned a level 5 spell: Fireball
 12457 | D:9      | Found a staircase to the Lair.
 12910 | D:10     | Entered Level 10 of the Dungeon
 13620 | D:10     | Found a staircase to the Orcish Mines.
 13629 | D:10     | Found a roughly hewn altar of Beogh.
 13979 | D:10     | Noticed an unseen horror
 13988 | D:10     | Killed an unseen horror
 13988 | D:10     | Reached XP level 11. HP: 63/84 MP: 16/20
 14162 | D:10     | Reached **** piety under Makhleb
 14363 | D:11     | Noticed a two-headed ogre
 14364 | D:11     | Noticed a white ugly thing
 14544 | D:11     | Slain by a white ugly thing

Levels and vault maps discovered:
D:1:      sevenhm_arrival_forest_fort_small_6, layout_loops_cross,
          minmay_misc_feat_nine_boxes
D:2:      layout_basic, nicolae_overflow_hidden_temple,
          trog_three_pillars_becter, uniq_natasha
D:3:      layout_rooms, chequers_ecumenical_altar_grove
D:4:      layout_loops_cross, first_ration
D:5:      layout_loops_cross, basic_altar, lightli_church_of_beogh
D:6:      layout_loops_corners, minmay_temple_entry_statues,
          ebering_ghost_rock_garden, fedhas_altar_1, uniq_grinder
D:7:      layout_loops_cross, nicolae_dithmenos_the_darkroom
D:8:      layout_cave_pools, old_standard_altar
D:9:      layout_long_grid, dpeg_oklobed_lair, david_nohive_1
D:10:     layout_small_grid, minmay_orc_entry_temple_small, skrybe_limestone_x
D:11:     layout_basic
Temple:   dpeg_five_rooms_temple

Skill      XL: |  1  2  3  4  5  6  7  8  9 10 11 |
---------------+----------------------------------+-----
Dodging        | 2 3 4 |  4.0
Fighting       | 1 2 3 4 5 7 |  7.4
Fire Magic     | 3 4 5 6 7 8 |  8.7
Conjurations   | 2 3 4 5 6 |  6.4
Spellcasting   | 3 4 5 6 |  6.0
Armour         | 1 2 4 6 |  6.0
Invocations    | 1 3 5 |  5.6
Long Blades    | |  0.5
Stealth        | |  1.7

Action                   |  1- 3 |  4- 6 |  7- 9 | 10-12 || total
-------------------------+-------+-------+-------+-------++-------
Melee: Whip              |    77 |   115 |       |       ||   192
       Dagger            |       |    18 |    25 |       ||    43
       Great sword       |       |       |    73 |   104 ||   177
Throw: Dart              |       |    14 |    10 |       ||    24
 Cast: Foxfire           |    16 |    17 |   120 |    81 ||   234
       Conjure Flame     |     1 |     5 |    17 |       ||    23
       Sticky Flame      |       |       |     2 |    18 ||    20
       Inner Flame       |       |       |     1 |       ||     1
Invok: Lesser Servant of |       |       |       |     2 ||     2
  Use: Potion            |       |     1 |     1 |     2 ||     4
       Scroll            |       |     4 |     8 |       ||    12
 Stab: Sleeping          |     1 |     2 |     2 |       ||     5
       Distracted        |       |       |     2 |     1 ||     3
  Eat: Chunk             |     4 |    12 |     5 |     6 ||    27
       Ration            |       |       |     4 |     3 ||     7
Armor: Robe              |    13 |       |       |       ||    13
       Leather armour    |     6 |    49 |    36 |    74 ||   165
       Scale mail        |       |       |       |     2 ||     2
Dodge: Dodged            |    59 |    78 |   105 |   144 ||   386
       Rpst.: Great sword |       |       |    38 |    48 ||    86

Table legend:
 A = Non-vault XP
 B = Vault XP
 C = Vault XP percentage of total XP
 D = Non-vault monster count
 E = Vault monster count
 F = Vault count percentage of total count
                 A         B        C        D         E       F
            +---------+---------+-------+---------+---------+-------
      Total |   10240 |    1553 |  13.2 |     226 |      22 |   8.9
            +---------+---------+-------+---------+---------+-------
        D:1 |      44 |       0 |   0.0 |      18 |       0 |   0.0
        D:2 |      79 |      35 |  30.7 |      22 |       1 |   4.3
        D:3 |     179 |       0 |   0.0 |      22 |       0 |   0.0
        D:4 |     168 |       0 |   0.0 |      13 |       0 |   0.0
        D:5 |     299 |       0 |   0.0 |      16 |       0 |   0.0
        D:6 |     583 |     267 |  31.4 |      19 |       1 |   5.0
        D:7 |    1888 |       0 |   0.0 |      17 |       0 |   0.0
        D:8 |    2062 |      66 |   3.1 |      25 |       1 |   3.8
        D:9 |    2819 |    1090 |  27.9 |      49 |      13 |  21.0
       D:10 |    1985 |      95 |   4.6 |      23 |       6 |  20.7
       D:11 |     134 |       0 |   0.0 |       2 |       0 |   0.0
            +---------+---------+-------+---------+---------+-------
